 Dungeon Crawl Stone Soup version 0.22.0-16-gc6d26f6 (webtiles) character file.

74 shmeve the Chopper (level 4, -1/41 HPs)
             Began as a Minotaur Berserker on Aug 17, 2018.
             Was a Believer of Trog.
             Slain by Sigmund
             ... wielding a +0 scythe
              (15 damage)
             ... on level 3 of the Dungeon.
             The game lasted 00:03:02 (2032 turns).

shmeve the Chopper (Minotaur Berserker)             Turns: 2032, Time: 00:03:03

Health: -1/41      AC:  5    Str: 23    XL:     4   Next: 10%
Magic:  3/3        EV: 12    Int:  4    God:    Trog [**....]
Gold:   104        SH:  0    Dex:  9    Spells: 3/3 levels left

rFire    . . .     SeeInvis .   a - +0 hand axe
rCold    . . .     Gourm    .   (no shield)
rNeg     . . .     Faith    .   b - +0 animal skin
rPois    .         Spirit   .   (helmet restricted)
rElec    .         Reflect  .   (no cloak)
rCorr    .         Harm     .   h - +0 pair of gloves
MR       .....                  p - +1 pair of boots
Stlth    +.........             q - amulet of the acrobat
HPRegen  0.13/turn              (no ring)
MPRegen  0.08/turn              (no ring)

@: berserk cooldown, slowed, very slow
A: retaliatory headbutt, horns 2
a: Berserk, Trog's Hand, Renounce Religion


You were on level 3 of the Dungeon.
You worshipped Trog.
Trog was pleased with you.
You were very hungry.

You visited 1 branch of the dungeon, and saw 3 of its levels.

You collected 104 gold pieces.

Inventory:

Hand Weapons
 a - a +0 hand axe (weapon)
Armour
 b - a +0 animal skin (worn)
 h - a +0 pair of gloves (worn)
 p - a +1 pair of boots (worn)
Jewellery
 q - an amulet of the acrobat (around neck)
Scrolls
 e - 3 scrolls of remove curse {unknown}
 i - 2 scrolls of enchant armour {unknown}
 j - a scroll of immolation {unknown}
 n - a scroll of fear {unknown}
 o - 3 scrolls of fog {unknown}
 r - 2 scrolls of identify {unknown}
Potions
 d - 3 potions of might {unknown}
 f - a potion of resistance {unknown}
 g - 2 potions of flight {unknown}
 k - a potion of lignification {unknown}
 l - a potion of magic {unknown}
 m - a potion of curing {unknown}
Comestibles
 c - 8 rations
 s - 4 chunks of flesh


   Skills:
 * Level 4.4 Fighting
 * Level 4.4 Axes
 + Level 1.1 Throwing
 + Level 3.1 Armour
 + Level 2.6 Dodging


You had 3 spell levels left.
You didn't know any spells.
Your spell library was empty.

Dungeon Overview and Level Annotations

Branches:
Dungeon (3/15)

Altars:
Dithmenos
Gozag
Ru
Xom

Annotations:
D:3 Sigmund


Innate Abilities, Weirdness & Mutations

You reflexively headbutt those who attack you in melee.
You have a pair of horns on your head.


Message History

The orc barely misses you. Something hits you.
You barely miss the orc. The orc hits you but does no damage. x2
Something hits you.
You hit the orc.
The orc is moderately wounded.
The orc hits you with a club. Something hits you!
You hit the orc.
The orc is almost dead.
The orc closely misses you. x2; You furiously retaliate!
You headbutt the orc!
You kill the orc!
Trog accepts your kill.
You hear some strange, mumbled words.
Something tries to affect you, but you resist.
Something closely misses you.
Things that are here:
a club; a leather armour You hit something but do no damage.
Your headbutt misses something. Something hits you!
You hit something. Something hits you!
You die...

##### #...
#######.# ## ###
#.......# .. ...
#.#####.###.# ##
#.# #.@{..# #### #
#.##.............
..# #
#.##.###.#.######
#.# # #:##
#.#.########.#####
#.#
#.#.............##
#.#
#.##########.##.##
#.# #.. #.##.##
#.# #..
#.####....## #.###
#...<.......


There were no monsters in sight!

Vanquished Creatures
  3 adders
  2 worms
  A leopard gecko (D:1)
  An orc (D:3)
  4 bats
  4 giant cockroaches
  3 hobgoblins
  4 jackals (D:2)
  A quokka (D:3)
  2 ball pythons (D:1)
  4 frilled lizards
  4 goblins
  2 kobolds
  5 rats
40 creatures vanquished.

Notes
Turn   | Place    | Note
-------+----------+-------------------------------------------
     0 | D:1      | shmeve the Minotaur Berserker began the quest for the Orb.
     0 | D:1      | Reached XP level 1. HP: 19/19 MP: 0/0
   302 | D:1      | Reached XP level 2. HP: 24/27 MP: 1/1
   831 | D:2      | Found a sacrificial altar of Ru.
   870 | D:2      | Reached ** piety under Trog
   879 | D:2      | Reached XP level 3. HP: 30/33 MP: 2/2
  1016 | D:2      | Found a shadowy altar of Dithmenos.
  1039 | D:2      | Reached skill level 1 in Throwing
  1693 | D:3      | Found an opulent altar of Gozag.
  1900 | D:3      | Found a shimmering altar of Xom.
  1993 | D:3      | Reached XP level 4. HP: 38/41 MP: 3/3
  2016 | D:3      | Noticed Sigmund
  2032 | D:3      | Slain by Sigmund

Skill      XL: |  1  2  3 |
---------------+----------+-----
Fighting       | 4 |  4.4
Axes           | 4 |  4.4
Throwing       | 1 |  1.1
Armour         | 3 |  3.1
Dodging        | |  2.6

Action                   |  1- 3 |  4- 6 || total
-------------------------+-------+-------++-------
Melee: Hand axe          |    83 |     9 ||    92
       Headbutt          |    15 |     1 ||    16
Invok: Berserk           |       |     1 ||     1
  Eat: Chunk             |     3 |       ||     3
Armor: Animal skin       |    29 |       ||    29
Dodge: Dodged            |    74 |     6 ||    80
